Get step-by-step instructions on how to execute this build order below. Start the game timer, and the build order will tick by so you can play in parallel with StarCraft on a second screen or mobile device.

Game Time

  0:00

Last Step

  N/A

Next Step

  12  0:05  Probe (Chrono Boost)  

Upcoming Step

  13  0:15  Probe (Chrono Boost)  

Don't want to look back and forth between 2 screens? Try out our Overwolf App, the Spawning Tool Build Advisor to get an in-game overlay with this build!

Complete Build Order

  12  0:05  Probe (Chrono Boost)  
  13  0:15  Probe (Chrono Boost)  
  13  0:19  Pylon  
  14  0:25  Probe (Chrono Boost)  
  15  0:37  Probe (Chrono Boost)  
  15  0:39  Gateway  
  16  0:48  Probe (Chrono Boost)  
  17  0:54  Assimilator  
  17  0:57  Assimilator  
  17  0:58  Probe (Chrono Boost)  
  18  1:09  Probe (Chrono Boost)  
  19  1:14  Pylon  
  19  1:19  Probe (Chrono Boost)  
  20  1:26  Cybernetics Core  
  20  1:29  Probe (Chrono Boost)  
  21  1:43  Probe (Chrono Boost)  
  22  1:53  Probe (Chrono Boost)  
  23  2:03  Stargate  
  23  2:08  Mothership Core (Chrono Boost)  
  25  2:13  Pylon  
  25  2:34  Probe (Chrono Boost)  
  26  2:44  Probe (Chrono Boost)  
  26  2:48  Fleet Beacon  
  27  2:54  Probe (Chrono Boost)  
  28  3:04  Probe (Chrono Boost)  
  29  3:07  Nexus  
  29  3:11  Pylon  
  29  3:14  Probe (Chrono Boost)  
  31  3:30  Tempest (Chrono Boost)  
  34  3:35  Probe  
  35  3:42  Pylon  
  35  3:47  Probe  
  36  4:00  Probe  
  37  4:07  Tempest (Chrono Boost)  
  41  4:12  Probe  
  42  4:20  Probe  
  42  4:24  Probe  
  44  4:30  Probe  
  44  4:36  Probe  
  46  4:40  Probe  
  51  4:48  Probe  
  51  4:50  Probe  
  51  4:51  Assimilator  
  51  4:52  Warp Gate  
  53  4:54  Assimilator  
  53  4:57  Pylon  
  52  5:00  Probe  
  49  5:13  Probe  
  50  5:29  Probe  
  50  5:34  Probe  
  47  5:41  Probe  
  49  5:44  Probe  
  49  5:48  Stargate  
  49  5:49  Stargate  
  50  5:51  Pylon  
  50  5:53  Probe  
  50  5:54  Probe  
  52  5:57  Forge  
  52  5:59  Pylon  
  48  6:04  Probe  
  48  6:05  Probe  
  48  6:06  Pylon  
  50  6:13  Pylon  
  50  6:14  Probe  
  50  6:15  Pylon  
  50  6:18  Pylon  
  51  6:19  Probe  
  51  6:24  Probe, Nexus  
  52  6:27  Pylon  
  52  6:28  Pylon  
  52  6:31  Probe  
  62  6:49  Fleet Beacon  
  62  6:50  Void Ray x2 (Chrono Boost), Pylon  
  62  6:51  Pylon  
  62  6:53  Pylon  
  62  7:02  Probe  
  62  7:03  Probe  
  62  7:08  Photon Cannon  
  58  7:09  Photon Cannon  
  58  7:13  Probe  
  59  7:15  Probe  
  60  7:26  Probe  
  60  7:28  Probe, Adept  
  54  7:38  Probe  
  54  7:40  Probe  
  65  7:52  Adept